 Dungeon Crawl Stone Soup version 0.23.2 (webtiles) character file.

Game seed: 73296551559762

221 CapitaineHaddock06 the Grasshopper (level 5, -2/49 HPs)
             Began as a Naga Wanderer on Apr 7, 2019.
             Killed from afar by an orc wizard (10 damage)
             ... with a puff of flame
             ... on level 4 of the Dungeon.
             The game lasted 00:11:32 (4010 turns).

CapitaineHaddock06 the Grasshopper (Naga Wanderer)  Turns: 4010, Time: 00:11:33

Health: -2/49      AC:  3    Str: 14    XL:     5   Next: 98%
Magic:  4/5        EV:  9    Int: 16    God:
Gold:   210        SH:  0    Dex:  8    Spells: 2/4 levels left

rFire    . . .     SeeInvis +   a - +0 spear
rCold    + . .     Gourm    .   (no shield)
rNeg     . . .     Faith    .   e - +0 robe
rPois    +         Spirit   .   (no helmet)
rElec    .         Reflect  .   o - +0 cloak (curse)
rCorr    .         Harm     .   (no gloves)
MR       .....                  (no barding)
Stlth    +.........             (no amulet)
HPRegen  0.16/turn              m - ring of protection from cold
MPRegen  0.09/turn              (no ring)

@: flying, very slightly contaminated, very slow
A: large, see invisible, deformed body, poison resistance, slowness 2, slow
metabolism 1, spit poison 1, AC +1
a: Spit Poison


You were on level 4 of the Dungeon.
You were hungry.

You visited 1 branch of the dungeon, and saw 4 of its levels.

You collected 210 gold pieces.

Inventory:

Hand Weapons
 a - a +0 spear (weapon)
 b - a +0 hunting sling
 c - a +0 club
 j - a +0 short sword
 p - a +0 shortbow
 z - a +2 short sword of venom
Missiles
 d - 40 arrows
 h - 81 stones (quivered)
 u - 62 sling bullets
Armour
 e - a +0 robe (worn)
 f - a +0 shield
 o - a cursed +0 cloak (worn)
Jewellery
 m - a ring of protection from cold (left hand)
Wands
 y - a wand of disintegration (13)
Scrolls
 k - a scroll of enchant weapon {unknown}
 n - a scroll of remove curse {unknown}
 q - a scroll of enchant armour {unknown}
 s - a scroll of identify
 v - 2 scrolls of blinking
 A - a scroll of amnesia {unknown}
Potions
 l - a potion of flight
 r - 3 potions of brilliance
 t - a potion of ambrosia {unknown}
 w - a potion of heal wounds {unknown}
 x - a potion of magic {unknown}
Comestibles
 g - 11 rations
 B - a chunk of flesh


   Skills:
 + Level 3.2 Fighting
 * Level 3.7 Polearms
 - Level 1.0 Bows
 - Level 2.4 Armour
 - Level 1.0 Shields
 + Level 3.8 Translocations
 - Level 1.0 Evocations


You had 2 spell levels left.
You knew the following spells:

 Your Spells              Type           Power        Failure   Level  Hunger
a - Blink                 Tloc           N/A          8%          2    ###....

Your spell library contained the following spells:

 Spells                   Type           Power        Failure   Level  Hunger
 Shroud of Golubria       Chrm/Tloc      #.........   17%         2    ###....


Dungeon Overview and Level Annotations

Branches:
Dungeon (4/15)
 Temple: D:4-7

Altars:
Cheibriados

Annotations:
D:3 3 runed translucent doors, tensugalgo's ghost, amateur OpFi
D:4 Eustachio


Innate Abilities, Weirdness & Mutations

You cannot wear boots.
Your serpentine skin is tough. (AC +1)
You have supernaturally acute eyesight. (SInv)
Armour fits poorly on your strangely shaped body.
Your system is resistant to poisons. (rPois)
You cover ground very slowly.
You have a slow metabolism.
You can spit poison.


Message History

Unknown command.
Okay, then.
It was a potion of flight.
You feel very buoyant.
You fly up into the air.
The orc wizard points at you and mumbles some strange words.
The magic dart hits you.
* * * LOW HITPOINT WARNING * * *
The adder barely misses you.
The orc wizard casts a cantrip, but nothing happens.
The adder closely misses you.
Unknown command.
Okay, then.
Blink to where?
Press: ? - help, Dir - move target cursor, p - orc wizard
As you read the scroll of blinking, it crumbles to dust.
You have got your breath back.
The orc wizard gestures at you while chanting.
The puff of flame hits you!
You die...

........ ## ..)..... ..
........ .# ........
######## #### .#
...##### ....... ...# .#
## ......# .##.# .#
......###..##.###.######
#
(.........o.....@.......
.
#...ยง...S...###.######
# #.########### ... #.#
..... #.# #...... #(#
...... . #.# ...... ..#
#W# ...?.. #$# #.#
##.###


You could see an orc wizard and an adder.

Vanquished Creatures
  A howler monkey (D:4)
  A worker ant (D:4)
  6 adders
  An ooze (D:2)
  A worm (D:4)
  3 dart slugs
  3 leopard geckos
  15 orcs
  3 giant cockroaches
  6 goblins
  10 hobgoblins
  7 jackals
  4 bats
  2 frilled lizards
  3 kobolds
  9 rats
75 creatures vanquished.

Notes
Turn   | Place    | Note
-------+----------+-------------------------------------------
     0 | D:1      | CapitaineHaddock06 the Naga Wanderer began the quest for
                  | the Orb.
     0 | D:1      | CapitaineHaddock06 set off with the following items: a +0
                  | club, a +0 shortbow, 24 arrows, a +0 robe, a +0 shield, a
                  | ration; and the following spells available to memorise:
                  | Blink, Shroud of Golubria
     0 | D:1      | Reached XP level 1. HP: 18/18 MP: 1/1
     6 | D:1      | Noticed an electric eel
   239 | D:1      | Reached XP level 2. HP: 21/26 MP: 2/2
   631 | D:1      | Reached skill level 1 in Polearms
   882 | D:2      | Reached XP level 3. HP: 32/32 MP: 3/3
   891 | D:1      | Learned a level 2 spell: Blink
  1488 | D:2      | Reached XP level 4. HP: 33/40 MP: 4/4
  2151 | D:3      | Found a runed translucent gate.
  2151 | D:3      | Found a runed translucent gate.
  2156 | D:3      | Noticed tensugalgo's ghost (amateur OpFi)
  2480 | D:3      | Found a runed translucent gate.
  2600 | D:3      | Reached XP level 5. HP: 36/46 MP: 5/5
  3971 | D:4      | Noticed Eustachio
  3983 | D:4      | Found a snail-covered altar of Cheibriados.
  3984 | D:4      | Noticed a phantom
  4010 | D:4      | Killed from afar by an orc wizard

Skill      XL: |  1  2  3  4  5 |
---------------+----------------+-----
Fighting       | 2 3 |  3.2
Polearms       | 1 2 3 |  3.7
Bows           | |  1.0
Armour         | |  2.4
Shields        | |  1.0
Translocations | |  3.8
Evocations     | |  1.0

Action                   |  1- 3 |  4- 6 || total
-------------------------+-------+-------++-------
Melee: Spear             |    45 |   160 ||   205
       Short sword       |       |     1 ||     1
 Fire: Shortbow          |     3 |       ||     3
       Hunting sling     |    49 |    30 ||    79
Throw: Stone             |       |     8 ||     8
 Cast: Blink             |       |     3 ||     3
 Abil: Spit Poison       |    18 |    24 ||    42
  Use: Scroll            |       |     5 ||     5
       Potion            |       |     1 ||     1
 Stab: Sleeping          |       |     1 ||     1
  Eat: Chunk             |     2 |     7 ||     9
Armor: Robe              |    24 |    35 ||    59
Dodge: Dodged            |    37 |    73 ||   110
